 Dungeon Crawl Stone Soup version 0.29-a0-369-gd956c00756 (webtiles) character file.

Game seed: 17912216480846904168

718 siradein the Magician (level 7, -3/46 HPs)
             Began as a Mummy Necromancer on May 2, 2022.
             Slain by a phantom (5 damage)
             ... on level 5 of the Dungeon.
             The game lasted 00:16:59 (5344 turns).

siradein the Magician (Mummy Necromancer)           Turns: 5344, Time: 00:17:00

Health: -3/46      AC:  3    Str: 12    XL:     7   Next: 42%
Magic:  17/17      EV: 12    Int: 16    God:
Gold:   216        SH:  0    Dex: 12    Spells: 12/20 levels left

rFire   x . .      SeeInvis +   r - +2 mace (protect)
rCold   + + .      Faith    .   (no shield)
rNeg    + + +      Spirit   .   a - +0 robe
rPois   ∞          Reflect  .   (no helmet)
rElec   .          Harm     .   (no cloak)
rCorr   .          Rampage  .   (no gloves)
Will    .....                   p - +0 pair of boots
Stlth   ++........              (no amulet)
HPRegen 0.15/turn               b - ring of see invisible
MPRegen 0.15/turn               q - ring of protection from cold

@: about to teleport
A: cold resistance 1, negative energy resistance 3, torment resistance 2, heat
vulnerability 1, in touch with death 1, no potions
a: no special abilities


You were on level 5 of the Dungeon.
You visited 1 branch of the dungeon, and saw 5 of its levels.

You collected 216 gold pieces.

Inventory:

Hand Weapons
 g - a +5 dagger of freezing
 r - a +2 mace of protection (weapon)
Armour
 a - a +0 robe (worn)
 p - a +0 pair of boots (worn)
Jewellery
 b - a ring of see invisible (left hand)
 i - a ring of ice
 q - a ring of protection from cold (right hand)
Wands
 l - a wand of digging (2)
 o - a wand of iceblast (4)
Scrolls
 c - a scroll of teleportation
 d - a scroll of enchant weapon
 e - a scroll of immolation
 f - 2 scrolls of brand weapon
 h - a scroll of enchant armour
 j - a scroll of amnesia {unknown}
 k - a scroll of silence {unknown}
 m - 2 scrolls of identify
 n - a scroll of summoning {unknown}


   Skills:
 - Level 1.5 Dodging
 - Level 1.5 Stealth
 + Level 7.4 Spellcasting
 + Level 7.1 Necromancy


You had 12 spell levels left.
You knew the following spells:

 Your Spells              Type           Power      Damage    Failure   Level
a - Pain                  Necr           100%       1d9       1%          1
b - Vampiric Draining     Necr           43%        2d9       1%          3
c - Animate Dead          Necr           21%        N/A       6%          4

Your spell library contained the following spells:

 Spells                   Type           Power      Damage    Failure   Level
 Animate Skeleton         Necr           86%        N/A       1%          1
 Agony                    Necr           43%        N/A       19%         5


Dungeon Overview and Level Annotations

Branches:
Dungeon (5/15)
 Temple: D:4-7

Altars:

Shops:
D:4 *

Annotations:
D:3 1 runed translucent door, Crazy Yiuf


Innate Abilities, Weirdness & Mutations

You are immune to poison.
Your flesh is cold resistant. (rC+)
You are immune to negative energy. (rN+++)
You are immune to unholy pain and torment.
You are vulnerable to heat. (rF-)
You are in touch with the powers of death.
You do not drink.


Message History

You are too injured to fight recklessly!
You closely miss the phantom.
The phantom is severely damaged.
The phantom hits you.
You barely miss the phantom.
The phantom is severely damaged.
The phantom misses you. The phantom completely misses you.
You completely miss the phantom.
The phantom is severely damaged.
The phantom hits you.
* * * LOW HITPOINT WARNING * * *
The phantom blinks!
You blink.
A phantom comes into view.
The phantom hits you.
* * * LOW HITPOINT WARNING * * *
The phantom blinks!
You blink.
You hit the phantom.
Your weapon exudes an aura of protection.
The phantom is severely damaged.
The phantom hits you but does no damage.
The phantom hits you but does no damage.
Found a stone staircase leading down.
The phantom attacks as you move away! The phantom hits you.
* * * LOW HITPOINT WARNING * * *
As you read the scroll of teleportation, it crumbles to dust.
You feel strangely unstable. The phantom hits you.
* * * LOW HITPOINT WARNING * * *
The phantom blinks!
You blink.
You hit the phantom.
Your weapon exudes an aura of protection.
The phantom is severely damaged.
The phantom hits you.
* * * LOW HITPOINT WARNING * * *
The phantom blinks!
You blink.
The phantom hits you but does no damage.
The phantom hits you.
* * * LOW HITPOINT WARNING * * *
The phantom hits you but does no damage.
The phantom attacks as you move away! The phantom hits you.
You die...

.######.#######.
..)..........(..
###.###..#####. # #)#
##.## ###'####..####
.......#.....#
.....#.#.....#
.....#.#.$...##+#####
.....#.#.......W@...#
.....#.#.......W....#
######.####.........#
#.# ##........#
##.#####.##.#####
#(....##.##.#
#.....##.##.#
#.....## #.# ###
##.#### #.#


You could see 2 phantoms.

Vanquished Creatures
  An ice beast (D:5)
  A black bear (D:4)
  An ogre (D:4)
  Blork the orc (D:5)
  2 orc priests
  2 hounds
  2 jellies
  An iguana (D:4)
  An orc wizard (D:5)
  An adder (D:2)
  4 gnolls (D:5)
  An ufetubus (D:5)
  2 worms
  2 dart slugs
  8 orcs
  9 ball pythons
  6 bats
  4 endoplasms
  6 giant cockroaches
  8 goblins
  11 hobgoblins
  5 kobolds
  5 quokkas
  2 frilled lizards
  4 rats
90 creatures vanquished.

Vanquished Creatures (others)
  14 plants (D:2)
14 creatures vanquished.

Grand Total: 104 creatures vanquished

Notes
Turn   | Place    | Note
-------+----------+-------------------------------------------
     0 | D:1      | siradein the Mummy Necromancer began the quest for the Orb.
     0 | D:1      | Reached XP level 1. HP: 13/13 MP: 4/4
   254 | D:1      | Reached XP level 2. HP: 11/19 MP: 1/6
   754 | D:1      | Found a faded altar of an unknown god.
   907 | D:1      | Gained mutation: You are in touch with the powers of death.
                  | [Mummy growth]
   907 | D:1      | Reached XP level 3. HP: 24/24 MP: 5/8
  1396 | D:2      | Learned a level 3 spell: Vampiric Draining
  1831 | D:2      | Reached XP level 4. HP: 28/30 MP: 6/10
  2166 | D:2      | Reached skill level 5 in Necromancy
  2948 | D:3      | Learned a level 4 spell: Animate Dead
  3094 | D:3      | Found a runed translucent door.
  3095 | D:3      | Noticed Crazy Yiuf
  3359 | D:4      | Reached skill level 5 in Spellcasting
  3359 | D:4      | Reached XP level 5. HP: 22/35 MP: 1/12
  3547 | D:4      | Noticed an ogre
  3556 | D:4      | Killed an ogre
  3557 | D:4      | Reached XP level 6. HP: 41/41 MP: 3/14
  4262 | D:4      | Found Huyquip's Fire Supplies.
  4525 | D:5      | Entered Level 5 of the Dungeon
  4531 | D:5      | Noticed an ice beast
  4541 | D:5      | Killed an ice beast
  4542 | D:5      | Reached XP level 7. HP: 38/46 MP: 2/17
  4670 | D:5      | Noticed Blork the orc
  4682 | D:5      | Killed Blork the orc
  5341 | D:5      | HP: 2/46 [phantom (1)]
  5344 | D:5      | Slain by a phantom

Illustrated notes

Levels and vault maps discovered:
D:1:      minmay_arrival_five_plusses, layout_basic,
          hellmonk_ecumenical_altar_blasted, minivault_26
D:2:      cheibrodos_pilgrimage, layout_loops_ring, serial_forest,
          infiniplex_forest_clump_small, infiniplex_forest_clump_large,
          infiniplex_forest_lined_corner, infiniplex_forest_clump_double,
          infiniplex_forest_lined_room_2, infiniplex_forest_lined_3,
          infiniplex_forest_clump_medium, infiniplex_forest_corner_1,
          grunt_decor_fettered, minmay_circle_x
D:3:      layout_rooms, uniq_crazy_yiuf_cottage
D:4:      kennysheep_big_flooded_room, layout_basic,
          minmay_temple_entry_from_below_a, nicolae_shop_fire_sale
          [nicolae_sub_dead_trees], nicolae_zen_rock_garden,
          wad_floor_pattern_untrapped
D:5:      layout_basic, uniq_blork_the_orc

Skill      XL: |  1  2  3  4  5  6  7 |
---------------+----------------------+-----
Spellcasting   | 3 4 5 6 7 |  7.4
Necromancy     | 5 6 7 |  7.1
Dodging        | |  1.5
Stealth        | |  1.5

Action                   |  1- 3 |  4- 6 |  7- 9 || total
-------------------------+-------+-------+-------++-------
Melee: Unarmed           |     8 |       |       ||     8
       Dagger            |       |    11 |       ||    11
       Punch             |       |     1 |     1 ||     2
       Mace              |       |       |    37 ||    37
 Cast: Pain              |    87 |    81 |    25 ||   193
       Vampiric Draining |       |     9 |     5 ||    14
  Use: Scroll            |       |     4 |     1 ||     5
Armor: Robe              |    10 |    10 |    23 ||    43
Dodge: Dodged            |    17 |    25 |    42 ||    84

Table legend: (Time is in decaauts)
 A = Elapsed time spent in this place.
 B = Non-inter-level travel time spent in this place.
 C = Inter-level travel time spent in this place.
 D = Time resting spent in this place.
 E = Time spent auto-exploring this place.
 F = Levels seen in this place.
 G = Mean time per level.
                   A        B        C        D        E       F      G
               +--------+--------+--------+--------+--------+-----+--------+
         Total |   5367 |   5281 |     86 |    356 |   3948 |   5 | 1073.4 |
       Dungeon |   5367 |   5281 |     86 |    356 |   3948 |   5 | 1073.4 |
               +--------+--------+--------+--------+--------+-----+--------+

Top non-repeatable levels by time:
     D:1: 1371 daAuts
     D:2: 1331 daAuts
     D:4: 1185 daAuts
     D:5: 833 daAuts
     D:3: 646 daAuts
